 Dungeon Sprint DCSS version 0.24-a0-92-g7d8ec57 (webtiles) character file.

Game seed: 11656511413296659686

387978 Lanoc the Heavyweight Champion (level 27, 0/319 HPs)
             Began as a Troll Monk on Feb 10, 2019.
             Was the Champion of Qazlal.
             Slain by Ycaetolush the pandemonium lord (4 damage)
             ... in the Dungeon (Sprint VI: "Thunderdome").
             The game lasted 01:13:16 (7043 turns).

Lanoc the Heavyweight Champion (Troll Monk)         Turns: 7043, Time: 01:13:17

Health: 0/319      AC: 21    Str: 36    XL:     27
Magic:  27/39      EV: 19    Int:  6    God:    Qazlal [******]
Gold:   1539       SH:  0    Dex: 12    Spells: 15/36 levels left

rFire    + + .     SeeInvis .     - Unarmed
rCold    + + .     Gourm    +   (shield currently unavailable)
rNeg     + + +     Faith    .   (armour currently unavailable)
rPois    ∞         Spirit   .   (helmet currently unavailable)
rElec    +         Reflect  .   (cloak currently unavailable)
rCorr    +         Harm     .   (gloves unavailable)
MR       ++...     Rnd*Rage +   (boots unavailable) Stlth +.........NoTele +
                                (amulet currently unavailable)
HPRegen  1.03/turn              (ring currently unavailable)
MPRegen  0.26/turn              (ring currently unavailable)

@: wisp-form, petrifying (expiring), protected from physical damage, flying,
repel missiles, slow
A: tiny, unfitting armour, berserk 1, blurry vision 1, fast metabolism 3,
gourmand, mutation resistance 1, sense surroundings 1, regeneration 1
}: 8/15 runes: serpentine, barnacled, slimy, elven, silver, iron, icy, glowing
a: Upheaval, Elemental Force, Disaster Area, Renounce Religion


You were in the Dungeon.
You worshipped Qazlal.
Qazlal was exalted by your worship.
You were full.
You were an insubstantial wisp.
You visited 1 branch You collected 35250 gold pieces.
You spent 33711 gold pieces at shops.

Inventory:

Hand Weapons
 m - a +12 vampiric club
 q - a +1 hand axe of flaming
 N - the +4 staff of Dispater
   (You took it off Dispater in the Dungeon)
Missiles
 a - 12 large rocks (quivered)
 v - 4 tomahawks
 G - 17 javelins
Armour
 u - +12 gold dragon scales (melded)
 x - the +4 dragonskin cloak (melded)
   (You took it off Tiamat in the Dungeon)
 B - a +6 large shield of positive energy (melded)
 O - the +4 hat of Too Many Cooks (melded) {+Fly Dex+4}
   (You found it in the Dungeon)

   It affects your dexterity (+4).
   It lets you fly.
Jewellery
 o - the cursed ring "Pygg" (melded) {rF+ Str+7 Dex-3}
   (You bought it in a shop in the Dungeon)

   [ring of dexterity]

   It affects your strength (+7).
   It affects your dexterity (-3).
   It protects you from fire.
   It has a curse placed upon it.
 y - the amulet of the Assorted Realms (melded) {Faith rC+ rN+ Str+4}
   (You bought it in a shop in the Dungeon)

   [amulet of faith]

   It allows you to gain divine favour quickly.
   It affects your strength (+4).
   It protects you from cold.
   It protects you from negative energy.
 D - the amulet "Zobokh" {Reflect rC- rN+ Str+3 SH+5}
   (You bought it in a shop in the Dungeon)

   [amulet of reflection]

   It shields you and reflects attacks.
   It affects your strength (+3).
   It makes you vulnerable to cold.
   It protects you from negative energy.
   It affects your SH (+5).
 F - the ring of the Lobster (melded) {rCorr rN+ MR++ Slay-4 SInv Stlth+}
   (You bought it in a shop in the Dungeon)

   [ring of resist corrosion]

   It affects your accuracy and damage with ranged weapons and melee attacks
   (-4).
   It protects you from negative energy.
   It affects your resistance to hostile enchantments.
   It lets you see invisible.
   It makes you more stealthy.
 H - the ring of the King {Wiz rElec Int+2}
   (You found it in the Dungeon)

   [ring of wizardry]

   It improves your spell success rate.
   It affects your intelligence (+2).
   It insulates you from electricity.
Wands
 i - a wand of acid (3)
 j - a wand of iceblast (1)
 z - a wand of enslavement (13)
 A - a wand of clouds (5)
Scrolls
 h - 27 scrolls of blinking
 k - 27 scrolls of fog
 n - 26 scrolls of identify
 p - 16 scrolls of enchant weapon
 C - 5 scrolls of amnesia
 E - 30 scrolls of remove curse
 I - 2 scrolls of brand weapon
 J - 6 scrolls of silence
Potions
 c - 24 potions of curing
 d - 36 potions of heal wounds
 e - 33 potions of haste
 f - 26 potions of magic
 g - 12 potions of might
 l - 25 potions of resistance
 r - 4 potions of mutation
 s - 12 potions of agility
 t - 12 potions of brilliance
 w - 20 potions of berserk rage
Miscellaneous
 K - a quad damage
 L - a quad damage
 M - a quad damage
Comestibles
 b - 54 rations
 P - 3 chunks of flesh


   Skills:
 + Level 26.3 Fighting
 + Level 18.7 Throwing
 + Level 25.0 Armour
 + Level 26.3 Dodging
 - Level 1.0 Stealth
 - Level 16.5 Shields
 O Level 27 Unarmed Combat
 + Level 5.0 Spellcasting
 * Level 13.0 Necromancy
 O Level 27 Invocations


You had 15 spell levels left.
You knew the following spells:

 Your Spells              Type           Power        Failure   Level  Hunger
a - Necromutation         Tmut/Necr      #.........   100%        8    #######
b - Infestation           Necr           ###.......   100%        8    #######
c - Dispel Undead         Necr           ###.....     3%          5    ######.

Your spell library contained the following spells:

 Spells                   Type           Power        Failure   Level  Hunger
 Corpse Rot               Necr           N/A          1%          2    ###....
 Sublimation of Blood     Necr           ###.......   1%          2    ###....
 Agony                    Necr           ###.....     3%          5    ######.
 Magic Dart               Conj           #...         30%         1    #......
 Blink                    Tloc           N/A          41%         2    ###....
 Call Imp                 Summ           #.......     41%         2    ###....
 Slow                     Hex            #.......     41%         2    ###....
 Bolt of Draining         Conj/Necr      #.........   50%         5    ######.
 Excruciating Wounds      Chrm/Necr      #.........   50%         5    ######.
 Conjure Flame            Conj/Fire      #.......     65%         3    ###....
 Mephitic Cloud           Conj/Pois/Air  #.......     65%         3    ###....
 Haunt                    Necr/Summ      #.........   100%        7    #######
 Malign Gateway           Summ/Tloc      #.........   100%        7    #######
 Monstrous Menagerie      Summ           #.........   100%        7    #######
 Summon Greater Demon     Summ           #.........   100%        7    #######
 Borgnjor's Revivificati  Necr           ###.......   100%        8    #######
 Death's Door             Chrm/Necr      #.........   100%        8    #######
 Summon Horrible Things   Summ           #.........   100%        8    #######


Dungeon Overview and Level Annotations

Branches:
Dungeon (1/1)

Altars:
Cheibriados
Dithmenos
Fedhas
Gozag
Kikubaaqudgha
Makhleb
Okawaru
Qazlal
Ru
Sif Muna
Trog
Uskayaw
Vehumet
Wu Jian
Xom
Yredelemnul
Zin
The Shining One
Beogh
Jiyva
Lugonu

Shops:
D [**:[((


Innate Abilities, Weirdness & Mutations

You are too large for most types of armour.
((You have claws for hands.))
Your metabolism is lightning-fast.
You like to eat raw meat.
Your natural rate of healing is unusually fast.
((You are covered in fur. (AC +1)))
((You have extremely tough skin. (AC +3)))
((You have a pair of small antennae on your head.))
((You have razor-sharp toenails.))
You tend to lose your temper in combat.
Scrolls take you a little longer to read.
You are somewhat resistant to further mutation.
You passively map a small area around you.


Message History

* * * LOW HITPOINT WARNING * * *
The Executioner hits you!!
* * * LOW HITPOINT WARNING * * *
The Executioner hits you but does no damage.
The Executioner hits you.
* * * LOW HITPOINT WARNING * * *
Zigu Bisaf gestures at you. The bolt of lightning misses you.
Ycaetolush hits you but does no damage.
You feel a strange sense of stasis. The Executioner hits you.
* * * LOW HITPOINT WARNING * * *
The Executioner hits you but does no damage. x2
The Hell Sentinel barely misses you.
The Hell Sentinel hits you but does no damage.
Sahof gestures.
Zigu Bisaf is struck by lightning.
Zigu Bisaf hits you but does no damage. Ycaetolush hits you!!!
* * * LOW HITPOINT WARNING * * *
You feel more protected from physical attacks.
Space bends around you.
You die...

#.......[_#
###))...(..[###
#⌠....)[..)≈≈⌠#
##.8....[≈.(≈8)######
_).[.)[###≈≈≈))[___∩##
...[)8.# #.8.≈[).)..∩###
.[..)[&###≈≈[.(°)§.....##
...[###[[.##).)1☼°≈.[≈[⌠#
.[..# #.[.##).☼&v≈≈.≈.≈⌠#
[.[)###[.)###[.1&÷☼.≈.≈⌠#
.......###§[.§..§[....≈##
))..)8.# #§8[.......∩###
_.)..[)###.≈.)..___∩##
##)8.....&§§[8[######
#⌠..).).≈§.§.⌠#
###.....§≈G≈###
#_[.)...._#


You could see Sahof, Ycaetolush, Zigu Bisaf, a Hell Sentinel, an Executioner and
a floating eye.

Vanquished Creatures
  Dissolution (D)
  Antaeus (D)
  Mennas (D)
  Mnoleg (D)
  Dispater (D)
  Tiamat (D)
  9 ancient liches (D)
  A deep elf elementalist (D)
  6 pandemonium lords (D)
  A Killer Klown (D)
  Polyphemus (D)
  Jory (D)
  A profane servitor (D)
  Nellie (D)
  A bone dragon (D)
  3 Tzitzimimeh (D)
  2 Ice Fiends (D)
  A tentacled monstrosity (D)
  2 Hell Sentinels (D)
  12 Orb Guardians (D)
  2 draconian monks (D)
  17 nagarajas (D)
  3 shadow dragons (D)
  A draconian knight (D)
  2 ghost moths (D)
  A draconian shifter (D)
  2 emperor scorpions (D)
  A ghoul (D)
  4 reapers (D)
  2 draconian annihilators (D)
  3 black draconians (D)
  A green draconian (D)
  12 lorocyprocas (D)
  2 purple draconians (D)
  4 vampire knights (D)
  2 red draconians (D)
  An eidolon (D)
  3 deep elf death magi (D)
  3 blizzard demons (D)
  6 white draconians (D)
  10 ettins (D)
  3 merfolk javelineers (D)
  7 green deaths (D)
  3 merfolk impalers (D)
  An ice dragon (D)
  8 hydras (D)
  An anaconda (D)
  2 anacondas (shapeshifter) (D)
  4 merfolk aquamancers (D)
  4 hell beasts (D)
  7 two-headed ogres (D)
  A queen ant (shapeshifter) (D)
  3 hell hogs (D)
  3 vampire magi (D)
  A soul eater (D)
  A fire crab (shapeshifter) (D)
  2 skeletal warriors (D)
  A glowing orange brain (shapeshifter) (D)
  3 hell knights (D)
  Aizul (D)
  12 death drakes (D)
  A death drake (shapeshifter) (D)
  A shadow demon (D)
  6 swamp dragons (D)
  A sea snake (D)
  A flayed ghost (D)
  A lindwurm (shapeshifter) (D)
  3 phantasmal warriors (D)
  7 harpies (D)
  A manticore (shapeshifter) (D)
  4 orb spiders (D)
  6 deep elf magi (D)
  A cyclops (D)
  A salamander (D)
  9 shining eyes (D)
  10 moths of wrath (D)
  3 wolf spiders (D)
  A guardian serpent (shapeshifter) (D)
  An elephant (shapeshifter) (D)
  A water nymph (D)
  A torpor snail (D)
  4 guardian serpents (D)
  A spiny frog (D)
  5 ice devils (D)
  5 hellions (D)
  A tormentor (D)
  2 guardian mummies (D)
  2 hellwings (D)
  A merfolk (D)
  A tyrant leech (shapeshifter) (D)
  8 polar bears (D)
  2 hornets (D)
  A hippogriff (D)
  5 tyrant leeches (D)
  A hippogriff (shapeshifter) (D)
  Sigmund (D)
  A redback (shapeshifter) (D)
  A shadow (D)
  7 vampires (D)
  22 air elementals (D)
  9 wraiths (D)
  9 hungry ghosts (D)
  A basilisk (D)
  9 vampire mosquitoes (D)
  A neqoxec (D)
  8 floating eyes (D)
  A porcupine (D)
  2 hell hounds (D)
  6 orc warriors (D)
  4 eyes of draining (D)
  A wolf (D)
  An ogre (D)
  Blork the orc (D)
  A bullfrog (D)
  An orc wizard (D)
  Terence (D)
  6 mummies (D)
  A shadow imp (D)
  3 worms (D)
  3 orcs (D)
  A bat zombie (D)
  A hobgoblin (D)
  A jackal (D)
  A leopard gecko skeleton (D)
  A rat (D)
403 creatures vanquished.

Vanquished Creatures (others)
  An eldritch tentacle (D)
  A neqoxec (D)
2 creatures vanquished.

Grand Total: 405 creatures vanquished

Notes
Turn   | Place    | Note
-------+----------+-------------------------------------------
     0 | D        | Lanoc the Troll Monk began the quest for the Orb.
     0 | D        | Reached XP level 1. HP: 22/22 MP: 0/0
     2 | D        | Found a roughly hewn altar of Beogh.
     2 | D        | Found an ancient bone altar of Kikubaaqudgha.
     3 | D        | Found a corrupted altar of Lugonu.
     3 | D        | Found a shadowy altar of Dithmenos.
     4 | D        | Found a deep blue altar of Sif Muna.
     4 | D        | Found an iron altar of Okawaru.
     5 | D        | Found an opulent altar of Gozag.
     5 | D        | Found a glowing golden altar of the Shining One.
     5 | D        | Found a stormy altar of Qazlal.
     5 | D        | Found Kehosim's Weapon Rack.
     5 | D        | Found Efiliuq's Premium Goods.
     5 | D        | Round 1.
     6 | D        | Found Puudeofuu's Basic Armour.
     6 | D        | Found Zoitz's Miscellaneous Merchandise.
     9 | D        | Found a shimmering altar of Xom.
    13 | D        | Became a worshipper of Qazlal Stormbringer
    13 | D        | Reached * piety under Qazlal
    13 | D        | Reached ** piety under Qazlal
    18 | D        | Found a bloodstained altar of Trog.
    20 | D        | Found Radwam's Identification Station.
    21 | D        | Found Laxzeth's Advanced Armour.
    21 | D        | Found Fopnumur's Jewellery.
    21 | D        | Found a sacrificial altar of Ru.
    21 | D        | Found a blossoming altar of Fedhas.
    21 | D        | Found Yhaa's Delicious Food.
    29 | D        | Bought a coiled crystal amulet for 45 gold pieces
    29 | D        | Bought a glittering platinum ring for 45 gold pieces
    29 | D        | Bought a glittering silver ring for 45 gold pieces
    30 | D        | Identified the amulet "Jamethraep" {Regen+ Int+4} (You
                  | bought it in a shop in the Dungeon)
    31 | D        | Identified the ring "Celuef" {rPois Int+4} (You bought it
                  | in a shop in the Dungeon)
    32 | D        | Identified the cursed ring "Pygg" {rF+ Str+7 Dex-3} (You
                  | bought it in a shop in the Dungeon)
    36 | D        | Found an ornate altar of the Wu Jian Council.
    37 | D        | Found a radiant altar of Vehumet.
    39 | D        | Found Ylylimi's Magic Scroll Shop.
    40 | D        | Found a basalt altar of Yredelemnul.
    40 | D        | Found a viscous altar of Jiyva.
    40 | D        | Found a burning altar of Makhleb.
    40 | D        | Found Zoille's Staff Store.
    40 | D        | Found Qurohue's Magic Scroll Shop.
    40 | D        | Found Tuiren's Must-Have Magic.
    44 | D        | Found a snail-covered altar of Cheibriados.
    45 | D        | Found a hide-covered altar of Uskayaw.
    46 | D        | Found a glowing silver altar of Zin.
    47 | D        | Found Laommestig's Distillery.
    48 | D        | Found Bilis's Distillery.
    48 | D        | Found Midozal's Bottled Wisdom.
    48 | D        | Found Lokin's Do-It-Yourself Clinic.
    58 | D        | Noticed Terence
    65 | D        | Killed Terence
    65 | D        | Reached skill level 5 in Unarmed Combat
    65 | D        | Reached XP level 2. HP: 31/31 MP: 1/1
    65 | D        | Reached XP level 3. HP: 37/37 MP: 2/2
    96 | D        | Reached *** piety under Qazlal
   100 | D        | Noticed Sigmund
   119 | D        | Killed Sigmund
   119 | D        | Arena points: 12 (+12) [x2]
   119 | D        | Reached skill level 5 in Fighting
   119 | D        | Reached skill level 5 in Dodging
   119 | D        | Reached XP level 4. HP: 50/50 MP: 3/3
   119 | D        | Reached XP level 5. HP: 57/57 MP: 4/4
   152 | D        | Round 2.
   241 | D        | Noticed an orc warrior
   250 | D        | Noticed Blork the orc
   258 | D        | Killed an orc warrior
   258 | D        | Reached XP level 6. HP: 48/67 MP: 5/5
   263 | D        | Killed Blork the orc
   263 | D        | Reached **** piety under Qazlal
   263 | D        | Reached skill level 10 in Unarmed Combat
   281 | D        | Arena points: 54 (+42) [x3]
   319 | D        | Round 3.
   320 | D        | Noticed an orc warrior
   329 | D        | Killed an orc warrior
   329 | D        | Reached skill level 1 in Invocations
   343 | D        | Noticed an orc warrior
   348 | D        | Killed an orc warrior
   348 | D        | Reached ***** piety under Qazlal
   348 | D        | Reached XP level 7. HP: 76/76 MP: 7/7
   445 | D        | Arena points: 138 (+84) [x4]
   465 | D        | Bought a heavily runed animal skin for 185 gold pieces
   475 | D        | Identified the +1 animal skin "Wuunn" {*Slow Dex-5 SInv
                  | Stlth+} (You bought it in a shop in the Dungeon)
   512 | D        | Round 4.
   517 | D        | Noticed a deep elf mage
   521 | D        | Killed a deep elf mage
   521 | D        | Reached XP level 8. HP: 80/88 MP: 8/10
   529 | D        | Noticed a deep elf mage
   534 | D        | Killed a deep elf mage
   534 | D        | Reached skill level 5 in Invocations
   549 | D        | Noticed a deep elf mage
   558 | D        | Killed a deep elf mage
   558 | D        | Reached XP level 9. HP: 97/97 MP: 12/12
   567 | D        | Noticed a deep elf mage
   572 | D        | Killed a deep elf mage
   572 | D        | Reached ****** piety under Qazlal
   585 | D        | Noticed a deep elf mage
   585 | D        | Noticed a deep elf mage
   593 | D        | Killed a deep elf mage
   597 | D        | Killed a deep elf mage
   597 | D        | Arena points: 278 (+140) [x5]
   665 | D        | Round 5.
   672 | D        | Noticed a salamander
   683 | D        | Killed a salamander
   694 | D        | Noticed Aizul
   713 | D        | Killed Aizul
   713 | D        | Arena points: 523 (+245) [x7]
   713 | D        | Reached skill level 15 in Unarmed Combat
   713 | D        | Reached XP level 10. HP: 70/110 MP: 13/15
   716 | D        | Got a serpentine rune of Zot
   723 | D        | Reached skill level 10 in Fighting
   723 | D        | Reached skill level 10 in Dodging
   723 | D        | Reached XP level 11. HP: 84/117 MP: 14/16
   743 | D        | Bought a steaming large shield for 332 gold pieces
   749 | D        | Identified the +6 large shield of Ru's Hope {rF+} (You
                  | bought it in a shop in the Dungeon)
   880 | D        | Round 6.
   900 | D        | Reached skill level 1 in Shields
  1006 | D        | Arena points: 955 (+432) [x8]
  1052 | D        | Round 7.
  1160 | D        | Arena points: 1459 (+504) [x9]
  1229 | D        | Round 8.
  1234 | D        | Noticed a seven-headed hydra
  1253 | D        | Killed an eight-headed hydra
  1260 | D        | Reached skill level 5 in Shields
  1276 | D        | Arena points: 2179 (+720) [x10]
  1302 | D        | Bought +0 gold dragon scales for 960 gold pieces
  1315 | D        | Round 9.
  1448 | D        | Arena points: 3070 (+891) [x11]
  1461 | D        | Bought 4 scrolls of enchant armour for 300 gold pieces
  1461 | D        | Bought 4 scrolls of enchant armour for 300 gold pieces
  1475 | D        | Round 10.
  1479 | D        | Noticed Polyphemus
  1500 | D        | Killed Polyphemus
  1500 | D        | Arena points: 4240 (+1170) [x13]
  1500 | D        | Reached skill level 10 in Invocations
  1500 | D        | Reached XP level 12. HP: 113/130 MP: 18/18
  1504 | D        | Got a barnacled rune of Zot
  1552 | D        | Reached XP level 13. HP: 137/137 MP: 19/19
  1577 | D        | Bought 3 scrolls of identify for 150 gold pieces
  1578 | D        | Bought a faintly glowing hat for 315 gold pieces
  1579 | D        | Identified the -2 hat of Zuakhlij {MR+} (You bought it in a
                  | shop in the Dungeon)
  1686 | D        | Round 11.
  1771 | D        | Arena points: 6088 (+1848) [x14]
  1790 | D        | Bought 3 scrolls of identify for 150 gold pieces
  1790 | D        | Bought 3 scrolls of identify for 150 gold pieces
  1791 | D        | Bought a polished cloak for 332 gold pieces
  1792 | D        | Identified the +3 cloak of the Other World {MR+ Int+3
                  | Stlth+} (You bought it in a shop in the Dungeon)
  1849 | D        | Round 12.
  1857 | D        | Gained mutation: Your magical capacity is low. (-10% MP) [a
                  | shining eye]
  1876 | D        | Gained mutation: You are weak. (Str -2) [a shining eye]
  1878 | D        | Gained mutation: You are very weak. (Str -4) [a shining
                  | eye]
  1878 | D        | Gained mutation: You are dopey. (Int -2) [a shining eye]
  1879 | D        | Gained mutation: You passively map a small area around you.
                  | [a shining eye]
  1880 | D        | Gained mutation: You evolve. [a shining eye]
  1935 | D        | Gained mutation: Scrolls take you a little longer to read.
                  | [a shining eye]
  1935 | D        | Gained mutation: You tend to lose your temper in combat. [a
                  | shining eye]
  1936 | D        | Gained mutation: You are frail. (-10% HP) [a shining eye]
  1940 | D        | Gained mutation: You are very dopey. (Int -4) [a shining
                  | eye]
  1940 | D        | Gained mutation: You are very frail. (-20% HP) [a shining
                  | eye]
  1940 | D        | Gained mutation: Scrolls take you longer to read. [a
                  | shining eye]
  1942 | D        | Gained mutation: You are extremely frail. (-30% HP) [a
                  | shining eye]
  1954 | D        | Gained mutation: Your magical capacity is very low. (-20%
                  | MP) [a shining eye]
  1955 | D        | Arena points: 7888 (+1800) [x15]
  1981 | D        | Bought 2 potions of mutation for 112 gold pieces
  1981 | D        | Bought 2 potions of mutation for 112 gold pieces
  1982 | D        | Lost mutation: You are very dopey. (Int -4) [potion of
                  | mutation]
  1982 | D        | Lost mutation: Your magical capacity is very low. (-20% MP)
                  | [potion of mutation]
  1982 | D        | Gained mutation: You are agile. (Dex +2) [potion of
                  | mutation]
  1982 | D        | Gained mutation: You expend magic power (3 MP) to
                  | strengthen your wands. [potion of mutation]
  1983 | D        | Lost mutation: You tend to lose your temper in combat.
                  | [potion of mutation]
  1983 | D        | Lost mutation: Your magical capacity is low. (-10% MP)
                  | [potion of mutation]
  1983 | D        | Lost mutation: You are extremely frail. (-30% HP) [potion
                  | of mutation]
  1983 | D        | Lost mutation: You are very frail. (-20% HP) [potion of
                  | mutation]
  1983 | D        | Lost mutation: You evolve. [potion of mutation]
  1983 | D        | Lost mutation: You expend magic power (3 MP) to strengthen
                  | your wands. [potion of mutation]
  1983 | D        | Gained mutation: You have sharp toenails. [potion of
                  | mutation]
  1984 | D        | Lost mutation: You are frail. (-10% HP) [potion of
                  | mutation]
  1984 | D        | Lost mutation: You passively map a small area around you.
                  | [potion of mutation]
  1984 | D        | Lost mutation: You are very weak. (Str -4) [potion of
                  | mutation]
  1984 | D        | Lost mutation: You are weak. (Str -2) [potion of mutation]
  1984 | D        | Gained mutation: Potions are less effective at restoring
                  | your health. [potion of mutation]
  1984 | D        | Gained mutation: You possess an exceptional clarity of
                  | mind. [potion of mutation]
  1985 | D        | Lost mutation: Scrolls take you longer to read. [potion of
                  | mutation]
  1985 | D        | Lost mutation: You possess an exceptional clarity of mind.
                  | [potion of mutation]
  1985 | D        | Gained mutation: You are robust. (+10% HP) [potion of
                  | mutation]
  1985 | D        | Gained mutation: You are very robust. (+20% HP) [potion of
                  | mutation]
  2015 | D        | Bought a glittering bronze ring for 45 gold pieces
  2015 | D        | Bought a crude ivory amulet for 45 gold pieces
  2015 | D        | Bought a pitted tin ring for 45 gold pieces
  2015 | D        | Bought a vibrating turquoise ring for 45 gold pieces
  2018 | D        | Identified the ring of Ciygosat {-Tele rC+ Str+4 Stlth+}
                  | (You bought it in a shop in the Dungeon)
  2020 | D        | Identified the ring "Ilyggoyrph" {rC+ MR+ SInv} (You bought
                  | it in a shop in the Dungeon)
  2022 | D        | Identified the amulet of the Assorted Realms {Faith rC+ rN+
                  | Str+4} (You bought it in a shop in the Dungeon)
  2024 | D        | Identified the ring "Oxaununt" {Ice SInv} (You bought it in
                  | a shop in the Dungeon)
  2034 | D        | Round 13.
  2052 | D        | Reached skill level 5 in Armour
  2076 | D        | Reached skill level 10 in Shields
  2161 | D        | Arena points: 10384 (+2496) [x16]
  2175 | D        | Bought 3 scrolls of identify for 150 gold pieces
  2175 | D        | Bought 3 scrolls of identify for 150 gold pieces
  2201 | D        | Bought 3 potions of mutation for 168 gold pieces
  2201 | D        | Bought 2 potions of mutation for 112 gold pieces
  2201 | D        | Bought 6 potions of might for 168 gold pieces
  2201 | D        | Bought 6 potions of agility for 168 gold pieces
  2234 | D        | Round 14.
  2366 | D        | Noticed an eidolon
  2375 | D        | Killed an eidolon
  2376 | D        | Arena points: 13002 (+2618) [x17]
  2393 | D        | Bought 3 potions of mutation for 168 gold pieces
  2393 | D        | Bought 5 potions of berserk rage for 175 gold pieces
  2393 | D        | Bought 6 potions of magic for 336 gold pieces
  2433 | D        | Round 15.
  2433 | D        | Noticed a deep elf elementalist
  2462 | D        | Killed a deep elf elementalist
  2462 | D        | Arena points: 16137 (+3135) [x19]
  2462 | D        | Reached XP level 14. HP: 180/180 MP: 20/22
  2465 | D        | Got an elven rune of Zot
  2468 | D        | Reached XP level 15. HP: 189/189 MP: 21/23
  2485 | D        | Lost mutation: You are very robust. (+20% HP) [potion of
                  | mutation]
  2485 | D        | Lost mutation: You have sharp toenails. [potion of
                  | mutation]
  2485 | D        | Lost mutation: You are dopey. (Int -2) [potion of mutation]
  2485 | D        | Gained mutation: You have sharp toenails. [potion of
                  | mutation]
  2485 | D        | Gained mutation: Your muscles are strong. (Str +2) [potion
                  | of mutation]
  2485 | D        | Gained mutation: You have a pair of small horns on your
                  | head. [potion of mutation]
  2485 | D        | Gained mutation: You are very agile. (Dex +4) [potion of
                  | mutation]
  2635 | D        | Round 16.
  2706 | D        | Noticed a bone dragon
  2718 | D        | Killed a bone dragon
  2731 | D        | Noticed a profane servitor
  2744 | D        | Killed a profane servitor
  2774 | D        | Arena points: 19657 (+3520) [x20]
  2784 | D        | Bought a potion of agility for 28 gold pieces
  2784 | D        | Bought a potion of mutation for 56 gold pieces
  2785 | D        | Bought 2 potions of curing for 42 gold pieces
  2785 | D        | Bought a potion of curing for 21 gold pieces
  2804 | D        | Bought 4 scrolls of enchant armour for 300 gold pieces
  2804 | D        | Bought 4 scrolls of enchant armour for 300 gold pieces
  2853 | D        | Round 17.
  2865 | D        | Noticed Jory
  2886 | D        | Killed Jory
  2910 | D        | Arena points: 25012 (+5355) [x21]
  2942 | D        | Round 18.
  3068 | D        | Arena points: 30556 (+5544) [x22]
  3080 | D        | Bought 3 potions of heal wounds for 105 gold pieces
  3080 | D        | Bought 3 potions of heal wounds for 105 gold pieces
  3080 | D        | Bought 3 potions of heal wounds for 105 gold pieces
  3080 | D        | Bought 3 potions of heal wounds for 105 gold pieces
  3080 | D        | Bought 4 potions of curing for 84 gold pieces
  3080 | D        | Bought 4 potions of curing for 84 gold pieces
  3080 | D        | Bought 4 potions of curing for 84 gold pieces
  3080 | D        | Bought 4 potions of curing for 84 gold pieces
  3114 | D        | Bought a heavily runed turquoise ring for 45 gold pieces
  3114 | D        | Bought a scorched jade ring for 45 gold pieces
  3114 | D        | Bought a transparent bronze ring for 45 gold pieces
  3114 | D        | Bought a glittering steel amulet for 45 gold pieces
  3114 | D        | Bought a warped silver ring for 45 gold pieces
  3114 | D        | Bought a slimy tin ring for 45 gold pieces
  3114 | D        | Bought a flickering garnet amulet for 45 gold pieces
  3114 | D        | Bought a smoking brass amulet for 45 gold pieces
  3114 | D        | Bought a scintillating copper ring for 45 gold pieces
  3114 | D        | Bought a clouded ruby amulet for 45 gold pieces
  3119 | D        | Identified the ring of Lustrew {AC+1 Str+2 Int+7 Slay-3}
                  | (You bought it in a shop in the Dungeon)
  3121 | D        | Identified the ring "Ytuech" {Ice rN+ Int+2} (You bought it
                  | in a shop in the Dungeon)
  3125 | D        | Identified the ring of Taurcha {+Fly rElec} (You bought it
                  | in a shop in the Dungeon)
  3128 | D        | Identified the amulet "Zobokh" {Reflect rC- rN+ Str+3 SH+5}
                  | (You bought it in a shop in the Dungeon)
  3130 | D        | Identified the ring "Fafesm" {+Fly Int+6} (You bought it in
                  | a shop in the Dungeon)
  3132 | D        | Identified the ring of the Lobster {rCorr rN+ MR++ Slay-4
                  | SInv Stlth+} (You bought it in a shop in the Dungeon)
  3135 | D        | Identified the amulet of the Illusory Wishes {rC- MR-
                  | Regen+ Slay+4 SInv} (You bought it in a shop in the
                  | Dungeon)
  3137 | D        | Identified the amulet "Jifacw" {Acrobat rF++} (You bought
                  | it in a shop in the Dungeon)
  3145 | D        | Round 19.
  3236 | D        | Reached skill level 10 in Armour
  3272 | D        | Arena points: 37985 (+7429) [x23]
  3297 | D        | Bought 3 scrolls of identify for 150 gold pieces
  3297 | D        | Bought 3 scrolls of identify for 150 gold pieces
  3297 | D        | Bought 3 scrolls of identify for 150 gold pieces
  3303 | D        | Identified the ring "Sierugad" {rF+ Int+2 Slay+5 Stlth+}
                  | (You bought it in a shop in the Dungeon)
  3305 | D        | Identified the amulet "Poannus" {Gourm MR+ Str+3 Int-4
                  | SInv} (You bought it in a shop in the Dungeon)
  3308 | D        | Bought a glowing scarf for 280 gold pieces
  3308 | D        | Bought a thick robe for 199 gold pieces
  3308 | D        | Bought an ancient robe for 199 gold pieces
  3308 | D        | Bought a steaming cloak for 332 gold pieces
  3308 | D        | Bought a faintly glowing shield for 332 gold pieces
  3311 | D        | Round 20.
  3312 | D        | Noticed Dissolution
  3313 | D        | Identified the cursed +1 robe of Tuinyt {rF+ Str+3} (You
                  | bought it in a shop in the Dungeon)
  3327 | D        | Noticed an acid blob
  3333 | D        | Killed Dissolution
  3333 | D        | Arena points: 44485 (+6500) [x25]
  3333 | D        | Reached skill level 15 in Fighting
  3333 | D        | Reached skill level 15 in Dodging
  3333 | D        | Reached skill level 15 in Invocations
  3333 | D        | Reached XP level 16. HP: 168/193 MP: 6/26
  3336 | D        | Got a slimy rune of Zot
  3342 | D        | Reached XP level 17. HP: 183/202 MP: 8/27
  3347 | D        | Identified the +1 robe "Vuufeul" {rF++ rN+ Slay-5 Stlth+}
                  | (You bought it in a shop in the Dungeon)
  3350 | D        | Identified the +1 cloak "Omoiru" {rPois rF++ rC- SInv} (You
                  | bought it in a shop in the Dungeon)
  3352 | D        | Identified the +1 shield "Bune" {Str+4} (You bought it in a
                  | shop in the Dungeon)
  3362 | D        | Bought 3 scrolls of identify for 150 gold pieces
  3375 | D        | Bought 5 potions of heal wounds for 500 gold pieces
  3375 | D        | Bought 5 potions of heal wounds for 500 gold pieces
  3549 | D        | Round 21.
  3681 | D        | Arena points: 52129 (+7644) [x26]
  3696 | D        | Bought 3 scrolls of fog for 60 gold pieces
  3696 | D        | Bought 4 scrolls of blinking for 300 gold pieces
  3696 | D        | Bought 3 scrolls of blinking for 225 gold pieces
  3707 | D        | Bought 5 potions of berserk rage for 175 gold pieces
  3707 | D        | Bought 5 potions of berserk rage for 175 gold pieces
  3707 | D        | Bought a potion of berserk rage for 35 gold pieces
  3710 | D        | Round 22.
  3844 | D        | Arena points: 61039 (+8910) [x27]
  3863 | D        | Bought 2 rations for 40 gold pieces
  3863 | D        | Bought 2 rations for 40 gold pieces
  3863 | D        | Bought 2 rations for 40 gold pieces
  3863 | D        | Bought 2 rations for 40 gold pieces
  3863 | D        | Bought 2 rations for 40 gold pieces
  3863 | D        | Bought 2 rations for 40 gold pieces
  3863 | D        | Bought 2 rations for 40 gold pieces
  3863 | D        | Bought 2 rations for 40 gold pieces
  3863 | D        | Bought 2 rations for 40 gold pieces
  3863 | D        | Bought 2 rations for 40 gold pieces
  3863 | D        | Bought 2 rations for 40 gold pieces
  3863 | D        | Bought 2 rations for 40 gold pieces
  3863 | D        | Bought 2 rations for 40 gold pieces
  3863 | D        | Bought 2 rations for 40 gold pieces
  3863 | D        | Bought 2 rations for 40 gold pieces
  3863 | D        | Bought 2 rations for 40 gold pieces
  3863 | D        | Bought 2 rations for 40 gold pieces
  3888 | D        | Bought a potion of experience for 300 gold pieces
  3888 | D        | Bought a potion of experience for 300 gold pieces
  3889 | D        | Reached XP level 18. HP: 215/215 MP: 27/29
  3890 | D        | Reached XP level 19. HP: 224/224 MP: 27/30
  3900 | D        | Round 23.
  3975 | D        | Arena points: 70699 (+9660) [x28]
  3989 | D        | Lost mutation: Your muscles are strong. (Str +2) [potion of
                  | mutation]
  3989 | D        | Lost mutation: Scrolls take you a little longer to read.
                  | [potion of mutation]
  3989 | D        | Gained mutation: You have razor-sharp toenails. [potion of
                  | mutation]
  3989 | D        | Gained mutation: Your system is resistant to poisons.
                  | (rPois) [potion of mutation]
  3989 | D        | Gained mutation: Your muscles are strong. (Str +2) [potion
                  | of mutation]
  3990 | D        | Lost mutation: You have a pair of small horns on your head.
                  | [potion of mutation]
  3990 | D        | Lost mutation: You are very agile. (Dex +4) [potion of
                  | mutation]
  3990 | D        | Lost mutation: You are agile. (Dex +2) [potion of mutation]
  3990 | D        | Lost mutation: Your muscles are strong. (Str +2) [potion of
                  | mutation]
  3990 | D        | Gained mutation: You are resistant to electric shocks.
                  | (rElec) [potion of mutation]
  3990 | D        | Gained mutation: Armour fits poorly on your strangely
                  | shaped body. [potion of mutation]
  3990 | D        | Gained mutation: You tend to lose your temper in combat.
                  | [potion of mutation]
  3990 | D        | Gained mutation: You have claws for feet. [potion of
                  | mutation]
  3991 | D        | Lost mutation: You are resistant to electric shocks.
                  | (rElec) [potion of mutation]
  3991 | D        | Lost mutation: Potions are less effective at restoring your
                  | health. [potion of mutation]
  3991 | D        | Lost mutation: You have claws for feet. [potion of
                  | mutation]
  3991 | D        | Gained mutation: You have a pair of small antennae on your
                  | head. [potion of mutation]
  3991 | D        | Gained mutation: You passively map a small area around you.
                  | [potion of mutation]
  3991 | D        | Gained mutation: You are agile. (Dex +2) [potion of
                  | mutation]
  3992 | D        | Lost mutation: Your system is resistant to poisons. (rPois)
                  | [potion of mutation]
  3992 | D        | Lost mutation: Armour fits poorly on your strangely shaped
                  | body. [potion of mutation]
  3992 | D        | Lost mutation: You are robust. (+10% HP) [potion of
                  | mutation]
  3992 | D        | Lost mutation: You are agile. (Dex +2) [potion of mutation]
  3992 | D        | Gained mutation: Your mind is acute. (Int +2) [potion of
                  | mutation]
  3992 | D        | Gained mutation: Scrolls take you a little longer to read.
                  | [potion of mutation]
  3992 | D        | Gained mutation: You are somewhat resistant to further
                  | mutation. [potion of mutation]
  3998 | D        | Bought 3 potions of experience for 900 gold pieces
  3999 | D        | Reached XP level 20. HP: 88/215 MP: 23/31
  4000 | D        | Reached XP level 21. HP: 92/223 MP: 24/32
  4001 | D        | Reached XP level 22. HP: 98/234 MP: 24/33
  4008 | D        | Round 24.
  4040 | D        | Paralysed by a floating eye for 2 turns
  4149 | D        | Arena points: 83227 (+12528) [x29]
  4175 | D        | Bought 3 potions of experience for 900 gold pieces
  4175 | D        | Bought 2 potions of experience for 600 gold pieces
  4176 | D        | Bought 3 potions of heal wounds for 105 gold pieces
  4176 | D        | Bought 3 potions of heal wounds for 105 gold pieces
  4177 | D        | Reached XP level 23. HP: 243/243 MP: 34/34
  4178 | D        | Reached XP level 24. HP: 253/253 MP: 34/34
  4179 | D        | Reached XP level 25. HP: 261/261 MP: 34/34
  4180 | D        | Reached XP level 26. HP: 270/270 MP: 34/34
  4181 | D        | Reached XP level 27. HP: 279/279 MP: 34/34
  4188 | D        | Round 25.
  4189 | D        | Noticed Mennas
  4213 | D        | Killed Mennas
  4213 | D        | Arena points: 94077 (+10850) [x31]
  4213 | D        | Reached skill level 15 in Armour
  4213 | D        | Reached skill level 27 in Unarmed Combat
  4216 | D        | Got a silver rune of Zot
  4217 | D        | Got a smoking war axe
  4221 | D        | Identified the +5 war axe of Riuq {chop, Int+3} (You found
                  | it in the Dungeon)
  4247 | D        | Bought 5 scrolls of blinking for 375 gold pieces
  4247 | D        | Bought 4 scrolls of blinking for 300 gold pieces
  4247 | D        | Bought 3 scrolls of blinking for 225 gold pieces
  4248 | D        | Bought 5 scrolls of blinking for 375 gold pieces
  4389 | D        | Round 26.
  4514 | D        | Arena points: 107389 (+13312) [x32]
  4543 | D        | Bought 6 potions of brilliance for 168 gold pieces
  4543 | D        | Bought 5 potions of haste for 350 gold pieces
  4543 | D        | Bought 4 potions of haste for 280 gold pieces
  4543 | D        | Bought 3 potions of haste for 210 gold pieces
  4571 | D        | Round 27.
  4596 | D        | Identified the +4 dragonskin cloak
  4596 | D        | Noticed Tiamat
  4631 | D        | Noticed an ancient lich
  4635 | D        | Killed Tiamat
  4643 | D        | Killed an ancient lich
  4652 | D        | Noticed an ancient lich
  4660 | D        | Killed an ancient lich
  4706 | D        | Noticed an ancient lich
  4715 | D        | Killed an ancient lich
  4723 | D        | Arena points: 127882 (+20493) [x33]
  4775 | D        | Bought 4 potions of curing for 84 gold pieces
  4775 | D        | Bought 3 potions of heal wounds for 105 gold pieces
  4775 | D        | Bought 3 potions of heal wounds for 105 gold pieces
  4775 | D        | Bought 3 potions of heal wounds for 105 gold pieces
  4775 | D        | Bought 3 potions of heal wounds for 105 gold pieces
  4775 | D        | Bought 3 potions of heal wounds for 105 gold pieces
  4775 | D        | Bought 3 potions of heal wounds for 105 gold pieces
  4782 | D        | Bought 5 potions of haste for 350 gold pieces
  4782 | D        | Bought 4 potions of haste for 280 gold pieces
  4782 | D        | Bought 3 potions of haste for 210 gold pieces
  4923 | D        | Round 28.
  5063 | D        | Arena points: 143114 (+15232) [x34]
  5085 | D        | Bought 6 potions of resistance for 420 gold pieces
  5085 | D        | Bought 6 potions of resistance for 420 gold pieces
  5085 | D        | Bought 6 potions of brilliance for 168 gold pieces
  5085 | D        | Bought 6 potions of might for 168 gold pieces
  5085 | D        | Bought 6 potions of agility for 168 gold pieces
  5138 | D        | Round 29.
  5270 | D        | Arena points: 166459 (+23345) [x35]
  5290 | D        | Bought 5 potions of berserk rage for 175 gold pieces
  5290 | D        | Bought 6 potions of magic for 336 gold pieces
  5291 | D        | Bought 6 potions of magic for 336 gold pieces
  5291 | D        | Bought 6 potions of magic for 336 gold pieces
  5291 | D        | Bought 6 potions of resistance for 420 gold pieces
  5337 | D        | Round 30.
  5337 | D        | Noticed Antaeus
  5371 | D        | Killed Antaeus
  5371 | D        | Arena points: 184219 (+17760) [x37]
  5374 | D        | Got an icy rune of Zot
  5379 | D        | Reached skill level 1 in Throwing
  5580 | D        | Round 31.
  5621 | D        | Reached skill level 5 in Throwing
  5665 | D        | Arena points: 205423 (+21204) [x38]
  5677 | D        | Round 32.
  5695 | D        | Bought 8 scrolls of enchant weapon for 600 gold pieces
  5695 | D        | Bought 15 scrolls of remove curse for 450 gold pieces
  5695 | D        | Bought 5 scrolls of amnesia for 175 gold pieces
  5695 | D        | Bought 3 scrolls of vulnerability for 225 gold pieces
  5695 | D        | Bought a scroll of brand weapon for 200 gold pieces
  5695 | D        | Bought 3 scrolls of silence for 225 gold pieces
  5695 | D        | Bought 5 scrolls of fog for 100 gold pieces
  5695 | D        | Bought 4 scrolls of fog for 80 gold pieces
  5695 | D        | Bought 3 scrolls of fog for 60 gold pieces
  5808 | D        | Arena points: 229135 (+23712) [x39]
  5832 | D        | Bought 6 potions of resistance for 420 gold pieces
  5866 | D        | Bought 3 scrolls of identify for 150 gold pieces
  5866 | D        | Bought 3 scrolls of identify for 150 gold pieces
  5866 | D        | Bought 3 scrolls of identify for 150 gold pieces
  5866 | D        | Bought 3 scrolls of identify for 150 gold pieces
  5866 | D        | Bought 3 scrolls of identify for 150 gold pieces
  5866 | D        | Bought 3 scrolls of identify for 150 gold pieces
  5866 | D        | Bought 3 scrolls of identify for 150 gold pieces
  5866 | D        | Bought 3 scrolls of identify for 150 gold pieces
  5870 | D        | Round 33.
  5880 | D        | Noticed Mnoleg
  5920 | D        | Paralysed by a floating eye for 3 turns
  5921 | D        | Lost mutation: Your mind is acute. (Int +2) [Mnoleg's
                  | mutagenic touch]
  5927 | D        | Killed Mnoleg
  5927 | D        | Arena points: 252136 (+23001) [x41]
  5927 | D        | Reached skill level 10 in Throwing
  5930 | D        | Got a pitted silver ring
  5930 | D        | Got a glowing rune of Zot
  5934 | D        | Identified the ring of the King {Wiz rElec Int+2} (You
                  | found it in the Dungeon)
  5979 | D        | Bought 8 scrolls of enchant weapon for 600 gold pieces
  5979 | D        | Bought 15 scrolls of remove curse for 450 gold pieces
  5979 | D        | Bought 5 scrolls of amnesia for 175 gold pieces
  5979 | D        | Bought 3 scrolls of vulnerability for 225 gold pieces
  5979 | D        | Bought 2 scrolls of brand weapon for 400 gold pieces
  5979 | D        | Bought 3 scrolls of silence for 225 gold pieces
  5979 | D        | Bought 5 scrolls of fog for 100 gold pieces
  5979 | D        | Bought 4 scrolls of fog for 80 gold pieces
  6103 | D        | Round 34.
  6137 | D        | Noticed Nellie
  6157 | D        | Killed Nellie
  6268 | D        | Arena points: 283552 (+31416) [x42]
  6288 | D        | Bought 20 rations for 1500 gold pieces
  6311 | D        | Round 35.
  6324 | D        | Noticed an ancient lich
  6336 | D        | Killed an ancient lich
  6355 | D        | Noticed an ancient lich
  6362 | D        | Killed an ancient lich
  6373 | D        | Noticed an ancient lich
  6380 | D        | Noticed an ancient lich
  6381 | D        | Killed an ancient lich
  6390 | D        | Killed an ancient lich
  6441 | D        | Noticed an ancient lich
  6446 | D        | Killed an ancient lich
  6446 | D        | Reached skill level 15 in Throwing
  6449 | D        | Noticed an ancient lich
  6458 | D        | Killed an ancient lich
  6474 | D        | Arena points: 319672 (+36120) [x43]
  6500 | D        | Bought 5 potions of haste for 1000 gold pieces
  6500 | D        | Bought a quad damage for 400 gold pieces
  6500 | D        | Bought a quad damage for 400 gold pieces
  6500 | D        | Bought a quad damage for 400 gold pieces
  6508 | D        | Round 36.
  6512 | D        | Identified the +4 staff of Dispater
  6512 | D        | Noticed Dispater
  6537 | D        | Killed Dispater
  6537 | D        | Arena points: 348832 (+29160) [x45]
  6541 | D        | Got an iron rune of Zot
  6543 | D        | Got a spiked hat
  6546 | D        | Identified the +4 hat of Too Many Cooks {+Fly Dex+4} (You
                  | found it in the Dungeon)
  6605 | D        | Bought a book of Minor Magic for 140 gold pieces
  6605 | D        | Bought a Necronomicon for 772 gold pieces
  6605 | D        | Bought a Grand Grimoire for 772 gold pieces
  6615 | D        | Learned a level 8 spell: Necromutation
  6710 | D        | Round 37.
  6733 | D        | Reached skill level 1 in Necromancy
  6787 | D        | Reached skill level 5 in Necromancy
  6818 | D        | Reached skill level 27 in Invocations
  6876 | D        | Arena points: 387978 (+39146) [x46]
  6892 | D        | Learned a level 8 spell: Infestation
  6906 | D        | Bought a book of Death for 490 gold pieces
  6912 | D        | Round 38.
  6913 | D        | Learned a level 5 spell: Dispel Undead
  6934 | D        | Noticed Saofureg the pandemonium lord
  6947 | D        | Killed Saofureg the pandemonium lord
  6947 | D        | Reached skill level 1 in Spellcasting
  6947 | D        | Reached skill level 10 in Necromancy
  6964 | D        | Noticed Fuz Gui the pandemonium lord
  6964 | D        | Noticed Zetuts the pandemonium lord
  6966 | D        | Noticed Plog the pandemonium lord
  6970 | D        | Killed Fuz Gui the pandemonium lord
  6975 | D        | Killed Plog the pandemonium lord
  6979 | D        | Killed Zetuts the pandemonium lord
  6980 | D        | Noticed Qiumm the pandemonium lord
  6987 | D        | Noticed Hudotir the pandemonium lord
  7004 | D        | Killed Qiumm the pandemonium lord
  7011 | D        | Killed Hudotir the pandemonium lord
  7015 | D        | Noticed Ycaetolush the pandemonium lord
  7019 | D        | Reached skill level 5 in Spellcasting
  7028 | D        | Noticed Zigu Bisaf the pandemonium lord
  7040 | D        | Noticed Sahof the pandemonium lord
  7043 | D        | HP: 4/319 [Ycaetolush the pandemonium lord (26)]
  7043 | D        | Slain by Ycaetolush the pandemonium lord

Levels and vault maps discovered:
D:        arena_sprint

Skill      XL: |  1  2  3  4  5  6  7  8  9 10 11 12 13 14 15 16 17 18 19 20 21 22 23 24 25 26 27 |
---------------+----------------------------------------------------------------------------------+-----
Fighting       | 3 5 6 7 8 9 10 11 12 15 16 17 26 | 26.3
Dodging        | 3 5 6 7 8 9 10 11 12 15 16 17 26 | 26.3
Unarmed Combat | 5 8 9 11 12 13 15 17 19 23 24 25 26 27 | 27.0
Invocations    | 2 4 6 8 10 12 15 16 17 27 | 27.0
Shields        | 7 8 11 16 | 16.5
Armour         | 2 3 7 11 12 13 14 25 | 25.0
Throwing       | 18 | 18.7
Necromancy     | 13 | 13.0
Spellcasting   | 5 |  5.0
Stealth        | |  1.0

Action                   |  1- 3 |  4- 6 |  7- 9 | 10-12 | 13-15 | 16-18 | 19-21 | 22-24 | 25-27 || total
-------------------------+-------+-------+-------+-------+-------+-------+-------+-------+-------++-------
Melee: Unarmed           |    14 |    33 |    51 |   121 |   298 |    86 |    66 |    37 |   725 ||  1431
       Punch             |     1 |       |     3 |       |       |       |       |       |       ||     4
       Kick              |       |       |       |       |   116 |    31 |    24 |    19 |   240 ||   430
       Headbutt          |       |       |       |       |    59 |    21 |    19 |       |       ||    99
       Hand axe          |       |       |       |       |    17 |       |       |       |       ||    17
Throw: Large rock        |       |       |       |       |     1 |       |       |       |     4 ||     5
Invok: Disaster Area     |       |       |       |       |     1 |       |     2 |       |     4 ||     7
Evoke: Wand              |       |       |       |     1 |     4 |       |       |       |     2 ||     7
  Use: Potion            |     1 |     1 |       |     2 |     6 |     3 |     9 |     7 |    16 ||    45
       Scroll            |       |       |       |     8 |    27 |     4 |       |       |     3 ||    42
  Eat: Chunk             |     1 |     6 |     5 |     7 |    16 |     5 |     1 |     1 |    19 ||    61
       Ration            |       |       |       |       |       |       |       |       |     2 ||     2
Armor: Robe              |     4 |     3 |     4 |       |       |       |       |       |       ||    11
       Gold dragon scale |       |       |       |    14 |    97 |    11 |    27 |       |   197 ||   346
       Skin              |       |       |       |       |       |       |       |       |     9 ||     9
Dodge: Dodged            |     5 |    10 |    15 |     6 |    65 |     4 |    27 |     1 |   131 ||   264
       Deflected         |       |       |     2 |       |     1 |     2 |     1 |       |     5 ||    11
Block: Other             |     2 |     3 |    15 |       |       |       |       |       |       ||    20
       Large shield      |       |       |       |    99 |   418 |    88 |   126 |    36 |   743 ||  1510

Table legend:
 A = Non-vault XP
 B = Vault XP
 C = Vault XP percentage of total XP
 D = Non-vault monster count
 E = Vault monster count
 F = Vault count percentage of total count
                 A         B        C        D         E       F
            +---------+---------+-------+---------+---------+-------
      Total |  524468 |       0 |   0.0 |     403 |       0 |   0.0
            +---------+---------+-------+---------+---------+-------
          D |  524468 |       0 |   0.0 |     403 |       0 |   0.0
            +---------+---------+-------+---------+---------+-------
